 Dungeon Crawl Stone Soup version 0.26-a0-612-gd4d190f45e (webtiles) character file.

Game seed: 4032375227543461646

3463 Gottschkopf the Thaumaturge (level 9, -15/45 HPs)
             Began as a Deep Elf Conjurer on Sept 9, 2020.
             Was a Believer of Vehumet.
             Demolished by Harold
             ... wielding a +0 battleaxe
              (33 damage)
             ... on level 8 of the Dungeon.
             The game lasted 00:25:48 (8158 turns).

Gottschkopf the Thaumaturge (Deep Elf Conjurer)     Turns: 8158, Time: 00:25:48

Health: -15/45     AC:  3    Str:  2    XL:     9   Next: 78%
Magic:  12/26      EV:  6    Int: 31    God:    Vehumet [**....]
Gold:   224        SH:  0    Dex: 13    Spells: 16/30 levels left

rFire    . . .     SeeInvis .   w - +2 dagger (venom)
rCold    . . .     Faith    .   v - +0 buckler
rNeg     . . .     Spirit   .   i - +0 leather armour
rPois    +         Reflect  .   r - +0 helmet
rElec    .         Harm     +   u - scarf {harm}
rCorr    .                      J - +0 pair of gloves
MR       .....                  (no boots)
Stlth    ++........             F - amulet of magic regeneration
HPRegen  0.55/turn              n - ring of poison resistance
MPRegen  0.45/turn              s - +4 ring of slaying

@: held
A: clever 2, deformed body, regeneration 1, weak 1
a: Renounce Religion


You were on level 8 of the Dungeon.
You worshipped Vehumet.
Vehumet was pleased with you.
You visited 2 branches of the dungeon, and saw 9 of its levels.

You collected 554 gold pieces.
You spent 330 gold pieces at shops.

Inventory:

Hand Weapons
 w - a +2 dagger of venom (weapon)
 L - a +2 mace of protection
Armour
 i - a +0 leather armour (worn)
 r - a +0 helmet (worn)
 u - a scarf of harm (worn)
 v - a +0 buckler (worn)
 E - a +4 chain mail
 J - a +0 pair of gloves (worn)
Magical Staves
 d - an uncursed staff of poison
 z - an uncursed staff of air
Jewellery
 n - a ring of poison resistance (left hand)
 s - a +4 ring of slaying (right hand)
 y - an uncursed ring of ice
 F - an amulet of magic regeneration (around neck)
Wands
 a - a wand of acid (9)
Scrolls
 b - a scroll of fog {unknown}
 f - 10 scrolls of remove curse
 h - a scroll of fear {unknown}
 k - a scroll of amnesia {unknown}
 q - a scroll of noise {unknown}
 t - 2 scrolls of random uselessness {unknown}
 x - 2 scrolls of immolation {unknown}
 C - a scroll of magic mapping {unknown}
 D - a scroll of blinking {unknown}
 G - 2 scrolls of enchant weapon {unknown}
 I - 2 scrolls of brand weapon {unknown}
Potions
 c - 3 potions of curing
 e - 3 potions of stabbing
 g - a potion of heal wounds
 l - 3 potions of lignification
 m - a potion of might
 o - 2 potions of resistance
 A - a potion of brilliance
 H - a potion of invisibility {unknown}


   Skills:
 + Level 5.5 Dodging
 - Level 2.4 Stealth
 - Level 4.0 Shields
 + Level 11.4 Spellcasting
 - Level 10.3 Conjurations
 - Level 2.9 Hexes


You had 16 spell levels left.
You knew the following spells:

 Your Spells              Type           Power        Failure   Level
a - Magic Dart            Conj           ####         1%          1
b - Searing Ray           Conj           ######       1%          2
c - Dazzling Flash        Conj/Hex       ######       1%          3
d - Fulminant Prism       Conj/Hex       ######....   4%          4
e - Iskenderun's Mystic   Conj/Tloc      #####...     8%          4

Your spell library contained the following spells:

 Spells                   Type           Power        Failure   Level
 Foxfire                  Conj/Fire      ####         1%          1


Dungeon Overview and Level Annotations

Branches:
Dungeon (8/15)             Temple (1/1) D:5
   Lair: D:8-11

Altars:
Ashenzari
Dithmenos
Elyvilon
Gozag
Hepliaklqana
Qazlal
Trog
Uskayaw
Vehumet
Zin
The Shining One

Shops:
D:6 ([=*   D:7 [

Annotations:
D:8 Harold


Innate Abilities, Weirdness & Mutations

Your mind is very acute. (Int +4)
Armour fits poorly on your strangely shaped body.
Your natural rate of healing is unusually fast.
You are weak. (Str -2)


Message History

Harold is lightly wounded.
Harold is knocked back by the mystic blast.
You hear a shout!
Harold says, "Do you have any idea what people are willing to pay to have you killed, Gottschkopf?"
Casting: Iskenderun's Mystic Blast (quite dangerous; 8% risk of failure)
Confirm with . or Enter, or press ? or * to list all spells.
Aiming: Searing Ray (safe; 1% risk of failure)
Press: ? - help, Shift-Dir - straight line, f - Harold
Aim: Harold, wielding a +0 battleaxe, wearing a +0 scale mail, quivering a throwing net and carrying a wand of iceblast (13) (lightly wounded)
The searing ray hits Harold!
Harold is moderately wounded. (Press . to maintain the ray.)
The searing ray hits Harold!
Harold is heavily wounded.
Harold hits you with a +0 battleaxe!
The searing ray hits Harold!
Harold is severely wounded.
Harold hits you with a +0 battleaxe!!
Ouch! That really hurt!
You die...

.......<......#.....#.........
.............'.....†..)......
####################.........
.......#...#......###
.......#...'......#
.......#...#......#
.......#...#......#
......@#...#......#
.......@...#......#
.......#...#......#
.......#####......# ######.
....... #. #. #. #.


You could see Harold.

Vanquished Creatures
  A two-headed ogre (D:7)
  Grinder (D:5)
  Prince Ribbit (D:5)
  5 yaks (D:6)
  An ogre (D:6)
  2 centaurs (D:6)
  3 bullfrogs
  A water moccasin zombie (D:7)
  2 scorpions
  4 wights (D:7)
  2 bullfrog zombies (D:7)
  5 hounds
  6 orc priests
  A jelly (D:5)
  A bullfrog skeleton (D:6)
  Jessica (D:2)
  3 orc wizards
  Natasha (thrice) (D:2)
  3 worker ants
  A worker ant zombie (D:6)
  4 gnolls (D:2)
  8 adders
  2 shadow imps (D:5)
  2 white imps
  An adder skeleton (D:4)
  A worm (D:4)
  3 dart slugs
  3 leopard geckos
  20 orcs
  7 bats
  9 giant cockroaches
  3 goblins
  8 hobgoblins
  4 jackals (D:3)
  2 quokkas
  2 ball pythons
  5 frilled lizards
  A jackal skeleton (D:7)
  4 kobolds
  A leopard gecko zombie (D:5)
  2 quokka skeletons
  5 rats
144 creatures vanquished.

Vanquished Creatures (others)
  6 fulminant prisms
6 creatures vanquished.

Grand Total: 150 creatures vanquished

Notes
Turn   | Place    | Note
-------+----------+-------------------------------------------
     0 | D:1      | Gottschkopf the Deep Elf Conjurer began the quest for the
                  | Orb.
     0 | D:1      | Reached XP level 1. HP: 10/10 MP: 6/6
   207 | D:1      | Reached XP level 2. HP: 15/15 MP: 5/8
   279 | D:1      | Reached skill level 5 in Conjurations
  1007 | D:2      | Learned a level 2 spell: Searing Ray
  1100 | D:2      | Reached XP level 3. HP: 19/19 MP: 7/9
  1226 | D:2      | Noticed Jessica
  1237 | D:2      | Killed Jessica
  1479 | D:2      | Reached XP level 4. HP: 24/24 MP: 5/10
  1627 | D:2      | Found a glowing golden altar of the Shining One.
  1627 | D:2      | Noticed Natasha
  1634 | D:2      | Killed Natasha
  2195 | D:2      | Noticed Natasha
  2200 | D:2      | Killed Natasha
  2200 | D:2      | Reached XP level 5. HP: 28/28 MP: 7/11
  2205 | D:2      | Learned a level 3 spell: Dazzling Flash
  2610 | D:2      | Noticed Natasha
  2615 | D:2      | Killed Natasha
  3144 | D:3      | Learned a level 4 spell: Fulminant Prism
  3345 | D:3      | Reached skill level 1 in Hexes
  3582 | D:4      | Reached XP level 6. HP: 30/32 MP: 3/12
  4040 | D:4      | Reached skill level 1 in Shields
  4717 | D:5      | Entered Level 5 of the Dungeon
  4807 | D:5      | Noticed Grinder
  4813 | D:5      | Killed Grinder
  4813 | D:5      | Reached skill level 4 in Spellcasting
  4813 | D:5      | Reached XP level 7. HP: 36/36 MP: 6/15
  4893 | D:5      | Noticed Prince Ribbit
  4921 | D:5      | Killed Prince Ribbit
  5023 | D:5      | Found a staircase to the Ecumenical Temple.
  5038 | Temple   | Entered the Ecumenical Temple
  5046 | Temple   | Became a worshipper of Vehumet
  5361 | D:5      | Reached skill level 5 in Spellcasting
  5758 | D:6      | Reached XP level 8. HP: 29/41 MP: 8/18
  5764 | D:6      | Learned a level 4 spell: Iskenderun's Mystic Blast
  5850 | D:6      | Found Aptozod's Jewellery Shoppe.
  5851 | D:6      | Found Zusmubbi's Assorted Antiques.
  5858 | D:6      | Bought an uncursed amulet of magic regeneration for 330
                  | gold pieces
  5937 | D:6      | Found Boymuil's Weapon Emporium.
  5952 | D:6      | Reached skill level 6 in Spellcasting
  6170 | D:6      | Found Wonubasi's Antique Armour Emporium.
  6177 | D:6      | Found a shattered altar of Ashenzari.
  6225 | D:6      | Reached skill level 7 in Spellcasting
  6225 | D:6      | Reached skill level 8 in Spellcasting
  6226 | D:6      | Reached skill level 9 in Spellcasting
  6229 | D:6      | Reached skill level 10 in Conjurations
  6229 | D:6      | Reached XP level 9. HP: 45/45 MP: 14/24
  6530 | D:6      | Reached * piety under Vehumet
  6530 | D:6      | Offered knowledge of Freeze by Vehumet.
  6682 | D:6      | Reached skill level 10 in Spellcasting
  7406 | D:7      | Found Gaossih's Antique Armour Boutique.
  7442 | D:7      | Reached ** piety under Vehumet
  7636 | D:7      | Gained mutation: Your magical capacity is low. (-10% MP)
                  | [potion of mutation]
  7636 | D:7      | Gained mutation: Your mind is acute. (Int +2) [potion of
                  | mutation]
  7636 | D:7      | Gained mutation: You are weak. (Str -2) [potion of
                  | mutation]
  7636 | D:7      | Gained mutation: You expend magic power (3 MP) to
                  | strengthen your wands. [potion of mutation]
  7637 | D:7      | Lost mutation: You expend magic power (3 MP) to strengthen
                  | your wands. [potion of mutation]
  7637 | D:7      | Lost mutation: Your magical capacity is low. (-10% MP)
                  | [potion of mutation]
  7637 | D:7      | Gained mutation: Armour fits poorly on your strangely
                  | shaped body. [potion of mutation]
  7637 | D:7      | Gained mutation: Your natural rate of healing is unusually
                  | fast. [potion of mutation]
  7637 | D:7      | Gained mutation: Your mind is very acute. (Int +4) [potion
                  | of mutation]
  7782 | D:7      | Noticed a two-headed ogre
  7788 | D:7      | Killed a two-headed ogre
  7788 | D:7      | Offered knowledge of Foxfire by Vehumet.
  7788 | D:7      | Reached skill level 5 in Dodging
  7788 | D:7      | Reached skill level 11 in Spellcasting
  8151 | D:8      | Noticed Harold
  8158 | D:8      | Demolished by Harold

Illustrated notes

Levels and vault maps discovered:
D:1:      co_arrival_square_in_a_square_in_a_square, layout_basic
D:2:      layout_loops_cross, nicolae_tso_swordbearing_angel, uniq_natasha,
          uniq_jessica
D:3:      layout_rooms, minmay_misc_feat_nine_boxes, minmay_misc_feat_x
D:4:      layout_basic, hangedman_abyss_or_decor_jellyfish_corner
D:5:      layout_basic, minmay_temple_entry_statues_fountains,
          uniq_prince_ribbit1, uniq_grinder
D:6:      layout_gridville, kennysheep_little_box, serial_shops,
          kennysheep_mini, shop, shop, nicolae_shop_statue_plus
D:7:      layout_gridville, serial_shops, shop
D:8:      layout_gridville, nicolae_overflow_crystal_walls, uniq_harold,
          uniq_gastronok
Temple:   lightli_temple_of_artemis

Skill      XL: |  1  2  3  4  5  6  7  8  9 |
---------------+----------------------------+-----
Conjurations   | 5 6 7 8 9 10 | 10.3
Hexes          | 1 2 |  2.9
Shields        | 2 3 4 |  4.0
Spellcasting   | 4 5 9 11 | 11.4
Dodging        | 5 |  5.5
Stealth        | |  2.4

Action                   |  1- 3 |  4- 6 |  7- 9 || total
-------------------------+-------+-------+-------++-------
Melee: Dagger            |       |       |     6 ||     6
 Cast: Magic Dart        |    58 |   134 |   181 ||   373
       Searing Ray       |       |     1 |     8 ||     9
       Fulminant Prism   |       |       |     6 ||     6
       Dazzling Flash    |       |       |     8 ||     8
       Iskenderun's Myst |       |       |     4 ||     4
  Use: Scroll            |       |       |    10 ||    10
       Potion            |       |       |     2 ||     2
 Stab: Sleeping          |       |       |     1 ||     1
Armor: Robe              |     1 |     2 |       ||     3
       Leather armour    |       |     1 |     9 ||    10
Dodge: Dodged            |     6 |    23 |    37 ||    66
Block: Buckler           |       |       |    12 ||    12

Table legend: (Time is in decaauts)
 A = Elapsed time spent in this place.
 B = Non-inter-level travel time spent in this place.
 C = Inter-level travel time spent in this place.
 D = Time resting spent in this place.
 E = Time spent auto-exploring this place.
 F = Levels seen in this place.
 G = Mean time per level.
                   A        B        C        D        E       F      G
               +--------+--------+--------+--------+--------+-----+--------+
         Total |   8149 |   7897 |    252 |   1144 |   5350 |   9 |  905.4 |
       Dungeon |   8132 |   7880 |    252 |   1144 |   5350 |   8 | 1016.5 |
        Temple |     16 |     16 |      0 |      0 |      0 |   1 |   16.0 |
               +--------+--------+--------+--------+--------+-----+--------+

Top non-repeatable levels by time:
     D:2: 1725 daAuts
     D:7: 1273 daAuts
     D:4: 1191 daAuts
     D:6: 1063 daAuts
     D:5: 1014 daAuts
     D:1: 1001 daAuts
     D:3: 793 daAuts
     D:8: 69 daAuts
  Temple: 16 daAuts
